Map: Ulrena

Players

TTS - Winner!

  • Race: Zerg Zerg
  • League: Diamond

null

  • Race: Terran Terran
  • League: Diamond

VOD

Have the link to the VOD?

Description

Time

  • Played on: Feb. 24, 2016, 2:47 a.m.
  • Length: 5:16
Show
View Real Time Build Order
Export as new Build Order

TTS Zerg - Winner!

Build Orders: Hatch First, Roach Nydus 

Get SALT Encoding   

  12  0:01  Drone  
  13  0:08  Drone  
  14  0:17  Overlord  
  14  0:28  Extractor  
  14  0:29  Extractor, Drone x2  
  16  0:41  Drone  
  17  0:51  Drone  
  18  1:01  Hatchery, Drone  
  18  1:03  Extractor  
  17  1:17  Spawning Pool  
  16  1:21  Drone  
  17  1:26  Drone  
  18  1:43  Drone  
  18  1:44  Overlord  
  19  1:48  Drone  
  20  2:11  Queen  
  20  2:12  Roach Warren  
  20  2:13  Drone  
  22  2:15  Queen  
  22  2:20  Drone  
  25  2:23  Zergling x2  
  25  2:26  Zergling x2  
  27  2:32  Drone  
  28  2:41  Drone x2  
  29  2:54  Roach x3  
  35  3:05  Overlord  
  35  3:06  Lair  
  35  3:13  Drone  
  35  3:14  Extractor  
  35  3:15  Drone  
  35  3:23  Drone  
  35  3:27  Roach  
  35  3:28  Roach  
  35  3:30  Drone  
  35  3:31  Drone  
  35  3:34  Overlord  
  41  3:42  Queen  
  41  3:45  Drone  
  44  3:56  Drone x2  
  44  3:57  Drone x2  
  44  3:59  Drone  
  49  4:09  Nydus Network  
  48  4:12  Roach  
  48  4:14  Overlord  
  50  4:20  Queen  
  52  4:38  Roach x4  
  54  4:39  Roach  
  60  4:55  Nydus Canal  
  60  4:57  Overlord  
Show
View Real Time Build Order
Export as new Build Order

null Terran 

Build Orders:  

Get SALT Encoding   

  12  0:00  SCV  
  13  0:12  SCV  
  14  0:17  Supply Depot  
  14  0:25  SCV  
  15  0:29  Refinery  
  15  0:39  SCV  
  16  0:45  Barracks  
  16  0:51  SCV  
  17  1:03  SCV  
  18  1:08  Barracks  
  18  1:15  SCV  
  19  1:32  Reaper, Orbital Command  
  20  1:39  Barracks  
  20  1:50  Refinery  
  20  1:54  Supply Depot  
  20  1:58  SCV  
  21  2:02  Reaper  
  21  2:07  Reaper  
  23  2:16  SCV  
  23  2:18  Supply Depot  
  24  2:28  Reaper  
  25  2:34  Reaper  
  26  2:39  Reaper  
  27  3:00  Reaper  
  27  3:06  Reaper  
  27  3:11  Reaper  
  28  3:28  SCV  
  28  3:32  Reaper  
  30  3:40  SCV, Command Center  
  31  3:43  Command Center  
  27  4:04  Factory  
  27  4:05  Barracks Tech Lab  
  27  4:09  SCV, Barracks Tech Lab  
  28  4:15  Barracks Tech Lab  
  28  4:21  SCV  
  29  4:33  SCV  
  29  4:37  Reaper x2  
  30  4:39  Marauder  
  30  4:45  SCV  
  32  4:50  Factory Reactor  
  32  4:57  Bunker  
  32  4:59  Bunker  
  31  5:08  Starport  
Tags
 
Add a new tag
Caveats
  • Supply blocks, unpowered buildings, or Contaminate may cause inaccurate times.
  • Supply counts are checked every 10 seconds.